 Dungeon Crawl Stone Soup version 0.28-a0-1182-g381e24db82 (webtiles) character file.

Game seed: 14115287083780078985

2293 siradein the Caller (level 9, -2/52 HPs)
             Began as a Tengu Summoner on Dec 17, 2021.
             Was an Initiate of Yredelemnul.
             Slain by a killer bee (4 damage)
             ... on level 8 of the Dungeon.
             The game lasted 00:57:39 (7319 turns).

siradein the Caller (Tengu Summoner)                Turns: 7319, Time: 00:57:40

Health: -2/52      AC:  7    Str: 10    XL:     9   Next: 40%
Magic:  13/18      EV: 18    Int: 19    God:    Yredelemnul [......]
Gold:   155        SH:  0    Dex: 20    Spells: 4/17 levels left

rFire   + . .      SeeInvis .   D - +1 glaive (vorpal)
rCold   . . .      Faith    .   (shield currently unavailable)
rNeg    . . .      Spirit   .   k - +3 leather armour {rF+}
rPois   +          Reflect  .   (helmet restricted)
rElec   .          Harm     .   (no cloak)
rCorr   .          Rampage  .   l - +0 pair of gloves
Will    .....                   (boots unavailable)
Stlth   ++........              u - amulet of magic regeneration
HPRegen 0.17/turn               d - ring of poison resistance
MPRegen 0.56/turn               r - +6 ring of dexterity

@: flying quickly and evasively, quick
A: beak, talons 3, nimble flight, high mp 1, mutation resistance 1, subdued
magic 1
a: Renounce Religion, Recall Undead Harvest


You were on level 8 of the Dungeon.
You worshipped Yredelemnul.
Yredelemnul was noncommittal.
You visited 2 branches of the dungeon, and saw 9 of its levels.
You also visited: Sewer.

You collected 299 gold pieces.
You spent 144 gold pieces at shops.

Inventory:

Hand Weapons
 p - a +0 spear
 D - a +1 vorpal glaive (weapon)
Missiles
 g - a throwing net
Armour
 k - a +3 leather armour of fire resistance (worn)
 l - a +0 pair of gloves (worn)
 y - a +2 tower shield
Jewellery
 d - a ring of poison resistance (left hand)
 e - a ring of positive energy
 n - a ring of willpower
 r - a +6 ring of dexterity (right hand)
 t - an amulet of guardian spirit
 u - an amulet of magic regeneration (around neck)
 x - a ring of fire
Scrolls
 a - 2 scrolls of fog
 h - a scroll of enchant armour
 j - a scroll of silence
 q - a scroll of acquirement
 s - 2 scrolls of teleportation
 v - a scroll of immolation {unknown}
 z - a scroll of fear {unknown}
 A - 3 scrolls of identify
 B - a scroll of enchant weapon {unknown}
 C - a scroll of magic mapping {unknown}
Potions
 b - a potion of might
 c - 3 potions of curing
 f - a potion of brilliance
 i - 2 potions of lignification {unknown}
 m - a potion of invisibility {unknown}
 o - a potion of mutation


   Skills:
 + Level 4.4 Fighting
 + Level 4.6 Polearms
 + Level 5.0 Armour
 + Level 5.6 Dodging
 - Level 2.1 Stealth
 + Level 4.7 Spellcasting
 + Level 7.5 Summonings
 + Level 1.2 Air Magic
 + Level 3.1 Invocations


You had 4 spell levels left.
You knew the following spells:

 Your Spells              Type           Power      Damage    Failure   Level
a - Summon Small Mammal   Summ           100%       N/A       1%          1
b - Call Imp              Summ           25%        N/A       1%          2
c - Call Canine Familiar  Summ           25%        N/A       1%          3
d - Summon Guardian Gole  Hex/Summ       14%        N/A       9%          3
e - Summon Lightning Spi  Summ/Air       16%        N/A       22%         4

Your spell library contained the following spells:

 Spells                   Type           Power      Damage    Failure   Level
 Corpse Rot               Necr/Air       10%        N/A       17%         2
 Dispel Undead            Necr           3%         3d7       83%         4
 Leda's Liquefaction      Hex/Erth       1%         N/A       83%         4
 Lee's Rapid Deconstruct  Erth           1%         3d5*      99%         5
 Statue Form              Tmut/Erth      2%         N/A       100%        6
 Death Channel            Necr           Unusable   N/A       N/A         6

Dungeon Overview and Level Annotations

Branches:
Dungeon (8/15)             Temple (1/1) D:4           Sewer (visited)
   Lair: D:8-11

Altars:
Ashenzari
Cheibriados
Dithmenos
Elyvilon
Fedhas
Gozag
Hepliaklqana
Kikubaaqudgha
Makhleb
Nemelex Xobeh
Okawaru
Qazlal
Ru
Sif Muna
Trog
Uskayaw
Wu Jian
Xom
Yredelemnul
Zin
The Shining One

Shops:
D:4 !


Innate Abilities, Weirdness & Mutations

You have a beak for a mouth.
You have claws for feet.
Your magical nature lets you fly swiftly and evasively.
You have an increased reservoir of magic. (+10% MP)
You are somewhat resistant to further mutation.
Your spells are a little easier to cast, but a little less powerful.


Message History

Your hound is poisoned.
The killer bee poisons your hound!
The killer bee stings your guardian golem.
The killer bee stings your guardian golem but does no damage.
Your hound closely misses the killer bee.
The killer bee closely misses your hound.
The killer bee stings your guardian golem but does no damage.
The killer bee barely misses your hound.
Your hound bites the killer bee.
The killer bee stings your guardian golem.
The killer bee stings your hound!
Casting: Summon Guardian Golem (dangerous; 9% risk of failure)
Confirm with . or Enter, or press ? or * to list all spells.
A beastly little devil appears in a puff of flame.
A killer bee comes into view.
Something stings your crimson imp!
Something closely misses your crimson imp.
The killer bee barely misses you. Something stings your crimson imp!
The killer bee completely misses you. Something stings your guardian golem!
Your guardian golem is destroyed!
Your guardian golem disappears in a puff of smoke!
There is a stone staircase leading down here.
You can't go up here!
The killer bee barely misses you. The killer bee stings you.
* * * LOW HITPOINT WARNING * * *
You fly downwards.
Your summoned ally is left behind.
There is a stone staircase leading up here.
Casting: Call Imp (safe; 1% risk of failure)
Confirm with . or Enter, or press ? or * to list all spells.
The killer bee closely misses you. x2
The killer bee completely misses you.
Your hound bites the killer bee but does no damage.
The killer bee closely misses you.
Your hound bites the killer bee.
Casting: Call Canine Familiar (safe; 1% risk of failure)
Confirm with . or Enter, or press ? or * to list all spells.
A beastly little devil appears in a puff of flame.
The killer bee stings you.
You die...
Your body rises from the dead as a mindless zombie.

##
#..#######
#.....<#
#...@y.#
#.......h.#
#.##.5....#
#......#
######.#
#.# ... ...


You could see a killer bee (ally target), a friendly hound (summoned) and a
friendly crimson imp (summoned).

Vanquished Creatures
  An ice beast (D:7)
  A scorpion (D:4)
  A killer bee (D:7)
  A howler monkey (D:6)
  A hound (D:4)
  2 iguanas
  An orc wizard (D:3)
  2 adders
  An ufetubus (D:5)
  2 dart slugs
  6 orcs
  11 ball pythons
  3 bats
  6 endoplasms
  10 giant cockroaches
  4 goblins
  3 hobgoblins
  3 jackals (D:1)
  7 quokkas
  10 frilled lizards
  7 kobolds
  2 rats
85 creatures vanquished.

Vanquished Creatures (collateral kills)
  A steam dragon (D:5)
  Menkaure (D:5)
  A water moccasin (D:6)
  A necrophage (D:7)
  A black bear (D:5)
  An ice beast (D:5)
  A kobold brigand (D:6)
  2 bullfrogs (Sewer)
  2 killer bees (D:6)
  A centaur zombie (D:6)
  A jelly (D:6)
  An iguana (D:3)
  An orc wizard (D:3)
  10 gnolls
  6 adders
  A white imp (D:6)
  3 worms
  8 orcs
  6 endoplasms
  6 giant cockroaches
  A goblin (D:4)
  3 hobgoblins
  4 quokkas (Sewer)
  8 ball pythons
  A frilled lizard (Sewer)
  6 kobolds
  A rat (D:2)
79 creatures vanquished.

Vanquished Creatures (others)
  Edmund (D:5)
  A black bear (D:6)
  An orc warrior (D:6)
  An ogre (D:6)
  A wyvern skeleton (D:6)
  3 killer bees (D:6)
  A centaur zombie (D:7)
  A killer bee zombie (D:6)
  A necrophage zombie (D:7)
  An ogre zombie (D:6)
  A spectral jelly (D:6)
  3 orcs
  4 ball python zombies
  2 frilled lizard zombies (Sewer)
  2 giant cockroach zombies (Sewer)
  A goblin zombie (D:4)
  4 orc zombies
  3 quokka zombies (Sewer)
  3 spectral endoplasms (Sewer)
  3 fungi (D:1)
  A plant (D:1)
39 creatures vanquished.

Grand Total: 203 creatures vanquished

Notes
Turn   | Place    | Note
-------+----------+-------------------------------------------
     0 | D:1      | siradein the Tengu Summoner began the quest for the Orb.
     0 | D:1      | Reached XP level 1. HP: 10/10 MP: 4/4
   319 | D:1      | Reached XP level 2. HP: 5/15 MP: 4/6
   679 | D:1      | Learned a level 2 spell: Call Imp
   691 | D:1      | Found a faded altar of an unknown god.
   705 | D:1      | Reached skill level 5 in Summonings
  1371 | D:2      | Reached XP level 3. HP: 20/20 MP: 4/7
  1701 | D:2      | Reached skill level 1 in Fighting
  1701 | D:2      | Reached skill level 1 in Armour
  1714 | D:2      | Reached XP level 4. HP: 20/25 MP: 8/8
  2570 | D:3      | Gained mutation: Your magical nature lets you fly swiftly
                  | and evasively. [Tengu growth]
  2570 | D:3      | Reached XP level 5. HP: 18/29 MP: 4/9
  2588 | D:3      | HP: 1/29 [adder (2)]
  2896 | D:2      | Learned a level 3 spell: Call Canine Familiar
  2900 | D:2      | Learned a level 3 spell: Summon Guardian Golem
  2932 | D:3      | Found a glowing golden altar of the Shining One.
  2953 | D:3      | Reached skill level 1 in Polearms
  3144 | D:3      | Found a bloodstained altar of Trog.
  3418 | D:3      | Reached XP level 6. HP: 35/35 MP: 11/11
  3755 | D:4      | Found a sparkling altar of Nemelex Xobeh.
  3804 | D:4      | Found a shadowy altar of Dithmenos.
  3957 | D:4      | Found a snail-covered altar of Cheibriados.
  3957 | D:4      | Found an iron altar of Okawaru.
  3957 | D:4      | Found a burning altar of Makhleb.
  4037 | D:4      | Found a staircase to the Ecumenical Temple.
  4052 | Temple   | Entered the Ecumenical Temple
  4101 | Temple   | Became a worshipper of Yredelemnul the Dark
  4440 | D:4      | Found Ysamegg's Distillery.
  4445 | D:4      | Bought a potion of attraction for 36 gold pieces
  4445 | D:4      | Bought a potion of mutation for 96 gold pieces
  4445 | D:4      | Bought a potion of degeneration for 12 gold pieces
  4447 | D:4      | Gained mutation: Your spells are a little easier to cast,
                  | but a little less powerful. [potion of mutation]
  4447 | D:4      | Gained mutation: You are somewhat resistant to further
                  | mutation. [potion of mutation]
  4447 | D:4      | Gained mutation: You have an increased reservoir of magic.
                  | (+10% MP) [potion of mutation]
  4475 | D:5      | Entered Level 5 of the Dungeon
  4509 | D:5      | Noticed a steam dragon
  4512 | D:5      | Noticed Edmund
  4519 | D:5      | Noticed a black bear
  4777 | D:5      | Killed a steam dragon
  4778 | D:5      | Reached skill level 6 in Summonings
  4778 | D:5      | Reached XP level 7. HP: 26/40 MP: 12/14
  5041 | D:5      | Noticed Menkaure
  5070 | D:5      | Killed Menkaure
  5071 | D:5      | Reached skill level 1 in Invocations
  5295 | D:5      | Killed Edmund
  5345 | D:5      | Reached * piety under Yredelemnul
  5360 | D:5      | Reached XP level 8. HP: 46/46 MP: 12/15
  5662 | D:5      | Identified a scroll of acquirement
  5694 | D:6      | Found a glowing drain.
  5713 | Sewer    | Entered a sewer
  5907 | Sewer    | Reached ** piety under Yredelemnul
  6322 | D:6      | Reached skill level 5 in Dodging
  6372 | D:6      | Reached skill level 7 in Summonings
  6377 | D:6      | Reached XP level 9. HP: 52/52 MP: 6/18
  6653 | D:6      | Learned a level 4 spell: Summon Lightning Spire
  6674 | D:6      | Found a large runed translucent door.
  6674 | D:6      | Found a large runed translucent door.
  6674 | D:6      | Found a shimmering altar of Xom.
  6824 | D:6      | Found a hazy altar of Hepliaklqana.
  6824 | D:6      | Found a blossoming altar of Fedhas.
  6824 | D:6      | Found an ancient bone altar of Kikubaaqudgha.
  7256 | D:7      | Reached skill level 5 in Armour
  7256 | D:7      | Reached skill level 1 in Air Magic
  7314 | D:7      | HP: 1/52 [killer bee (6)]
  7319 | D:8      | Slain by a killer bee

Illustrated notes

Levels and vault maps discovered:
D:1:      nicolae_arrival_somewhat_less_tricky_arrival, layout_loops_ring,
          shapermc_ecumenical_altar_gd, patterned_corridor
D:2:      layout_basic
D:3:      layout_basic, mainiacjoe_overflow_surrounded_room,
          mainiacjoe_overflow_chevrons, serial_curves, eino_curves_04,
          eino_curves_01
D:4:      layout_rooms, nemelex_diamond_rough_becter,
          mainiacjoe_overflow_brackets,
          chequers_temple_overflow_statue_of_worship,
          minmay_temple_entry_junction, serial_shops, shop,
          hangedman_abyss_or_decor_lesser_grid
D:5:      layout_loops_ring, kennysheep_nub, uniq_menkaure, uniq_edmund
D:6:      due_chaos_kobolds, layout_rooms, gammafunk_temple_overflow_claw,
          portal_sewer_entry_a
D:7:      layout_loops_ring, mainiacjoe_overflow_paths,
          hangedman_minor_gate_pass
D:8:      layout_rooms, vehumet_crystals, dk_noncrumbling_4,
          kennysheep_generic_room_12
Temple:   jpeg_temple_alley_garden

Skill      XL: |  1  2  3  4  5  6  7  8  9 |
---------------+----------------------------+-----
Summonings     | 5 6 7 |  7.5
Fighting       | 1 2 3 4 |  4.4
Armour         | 1 2 3 4 5 |  5.0
Dodging        | 3 4 5 |  5.6
Polearms       | 1 2 3 4 |  4.6
Spellcasting   | 3 4 |  4.7
Invocations    | 1 2 3 |  3.1
Air Magic      | 1 |  1.2
Stealth        | |  2.1

Action                   |  1- 3 |  4- 6 |  7- 9 || total
-------------------------+-------+-------+-------++-------
Melee: Dagger            |    47 |       |       ||    47
       Kick              |    13 |    14 |    13 ||    40
       Unarmed           |     3 |       |       ||     3
       Peck              |     6 |     6 |    13 ||    25
       Spear             |       |    75 |       ||    75
       Halberd           |       |    49 |    97 ||   146
       Glaive            |       |       |    13 ||    13
 Cast: Summon Small Mamm |    13 |     3 |     2 ||    18
       Call Imp          |     1 |    14 |    15 ||    30
       Call Canine Famil |       |    18 |    31 ||    49
       Summon Guardian G |       |       |    22 ||    22
  Use: Potion            |       |     2 |       ||     2
       Scroll            |       |     6 |     2 ||     8
 Stab: Sleeping          |       |     4 |     4 ||     8
       Distracted        |       |     1 |     2 ||     3
Armor: Robe              |     3 |     6 |     1 ||    10
       Ring mail         |    17 |    36 |       ||    53
       Leather armour    |       |       |    15 ||    15
Dodge: Dodged            |    21 |    59 |    80 ||   160

Table legend: (Time is in decaauts)
 A = Elapsed time spent in this place.
 B = Non-inter-level travel time spent in this place.
 C = Inter-level travel time spent in this place.
 D = Time resting spent in this place.
 E = Time spent auto-exploring this place.
 F = Levels seen in this place.
 G = Mean time per level.
                   A        B        C        D        E       F      G
               +--------+--------+--------+--------+--------+-----+--------+
         Total |   7102 |   6941 |    161 |    678 |   4560 |  10 |  710.2 |
       Dungeon |   6412 |   6299 |    113 |    678 |   4168 |   8 |  801.5 |
        Temple |    206 |    159 |     47 |      0 |    150 |   1 |  206.0 |
         Sewer |    483 |    483 |      0 |      0 |    241 |   1 |  483.0 |
               +--------+--------+--------+--------+--------+-----+--------+

Top non-repeatable levels by time:
     D:2: 1361 daAuts
     D:1: 1361 daAuts
     D:5: 1004 daAuts
     D:3: 928 daAuts
     D:6: 843 daAuts
     D:4: 653 daAuts
   Sewer: 483 daAuts
     D:7: 257 daAuts
  Temple: 206 daAuts
     D:8: 3 daAuts
